 Dungeon Crawl Stone Soup version 0.18-a0-846-g91b95b1 (webtiles) character file.

182 tof the Charmwright (level 5, -4/36 HPs)
             Began as a High Elf Skald on Dec 20, 2015.
             Slain by Prince Ribbit (17 damage)
             ... on level 5 of the Dungeon.
             The game lasted 00:19:07 (4984 turns).

tof the Charmwright (High Elf Skald)                Turns: 4984, Time: 00:19:07

Health: -4/36      AC:  3    Str: 11    XL:     5   Next: 34%
Magic:  3/10       EV: 13    Int: 16    God:
Gold:   146        SH:  0    Dex: 21    Spells: 3 memorised, 4 levels left

rFire  . . .     SeeInvis .     j - +0 dagger (venom)
rCold  . . .     Gourm    .     b - +0 leather armour
rNeg   . . .     Faith    +     (no shield)
rPois  .         Spirit   .     (no helmet)
rElec  .         Dismiss  .     (no cloak)
rCorr  .         Reflect  .     (no gloves)
SustAt .         Harm     .     (no boots)
MR     .....                    v - amulet of faith
Stlth  ++........               (no ring)
                                h - +6 ring of dexterity

@: very slightly contaminated, not resistant to hostile enchantments, unstealthy
A: no striking features
a: no special abilities


You were on level 5 of the Dungeon.
You were not hungry.

You visited 1 branch of the dungeon, and saw 5 of its levels.

You collected 146 gold pieces.

Inventory:

Hand Weapons
 a - a +0 falchion
 j - a +0 dagger of venom (weapon)
Armour
 b - a +0 leather armour (worn)
 q - the +1 chain mail of Disguise {MP+9 Str+2}
   (You found it on level 4 of the Dungeon)

   It affects your strength (+2).
   It affects your magic capacity (+9).
Jewellery
 h - a +6 ring of dexterity (left hand)
 v - an amulet of faith (around neck)
Scrolls
 g - 3 scrolls of identify
 m - a scroll of random uselessness
 o - 2 scrolls of remove curse
 w - a scroll of fear {unknown}
 x - a scroll of enchant weapon {unknown}
Potions
 i - 2 potions of flight
 k - a potion of resistance
 l - a potion of might {unknown}
 p - a potion of lignification
 r - 2 potions of haste
 s - 2 potions of mutation {unknown}
 u - a potion of magic {unknown}
Books
 c - a book of Battle

   Spells                             Type                      Level
   a - Infusion                       Charms                       1
   b - Shroud of Golubria             Charms/Translocation         2
   c - Song of Slaying                Charms                       2
   d - Spectral Weapon                Hexes/Charms                 3
   e - Regeneration                   Charms/Necromancy            3
 e - a book of Flames

   Spells                             Type                      Level
   a - Flame Tongue                   Conjuration/Fire             1
   b - Throw Flame                    Conjuration/Fire             2
   c - Conjure Flame                  Conjuration/Fire             3
   d - Inner Flame                    Hexes/Fire                   3
   e - Sticky Flame                   Conjuration/Fire             4
   f - Fireball                       Conjuration/Fire             5
 t - a book of Cantrips

   Spells                             Type                      Level
   a - Corona                         Hexes                        1
   b - Animate Skeleton               Necromancy                   1
   c - Summon Small Mammal            Summoning                    1
   d - Apportation                    Translocation                1
Comestibles
 d - 5 bread rations
 f - 5 fruits
 n - a meat ration


   Skills:
 + Level 2.8 Fighting
 + Level 1.2(2.2) Short Blades
 + Level 2.8(3.0) Long Blades
 + Level 1.7 Armour
 + Level 2.3 Dodging
 + Level 1.0 Stealth
 + Level 3.1 Spellcasting
 + Level 0.6 Hexes
 + Level 4.8 Charms


You had 4 spell levels left.
You knew the following spells:

 Your Spells              Type           Power        Failure   Level  Hunger
a - Infusion              Chrm           ###...       3%          1    #......
b - Spectral Weapon       Hex/Chrm       ##......     30%         3    ###....
c - Shroud of Golubria    Chrm/Tloc      ##........   14%         2    ##.....


Dungeon Overview and Level Annotations

Branches:
Dungeon (5/15)
 Temple: D:4-7

Altars:
Dithmenos
Vehumet
Xom

Annotations:
D:5 Prince Ribbit


Message History

You hit Prince Ribbit.
Prince Ribbit is poisoned.
Prince Ribbit is lightly wounded.
Prince Ribbit blinks!
Prince Ribbit closely misses you.
You hit Prince Ribbit.
Prince Ribbit looks even sicker.
Prince Ribbit is lightly wounded.
Prince Ribbit closely misses you.
You hit Prince Ribbit but do no damage.
Prince Ribbit is lightly wounded.
Prince Ribbit closely misses you. Prince Ribbit hits you!
You closely miss Prince Ribbit.
Prince Ribbit is moderately wounded.
Prince Ribbit completely misses you.
You miss Prince Ribbit.
Prince Ribbit is moderately wounded.
Prince Ribbit hits you. Prince Ribbit barely misses you.
Prince Ribbit hops awkwardly around.
Prince Ribbit hits you!
You die...

###.....###### #.'.....'.....
#.#.....###### #.#.....# #..
#.#.....# #.# #+# #.####### #.#
####..##############.##########..
......[..........F..............>
#####..#########@###.#..........#
##.# #.# #.#..###.....# #.. #.#
#.#..........# ##.
#####'###.#.####.....# ..
#......##.... ####### #F
###########.# # .. .# # #####
.....


You could see Prince Ribbit.

Vanquished Creatures
  A hound (D:4)
  2 worker ants
  An adder (D:2)
  3 worms
  6 giant geckos
  7 orcs
  5 bats
  3 giant cockroaches
  8 hobgoblins
  2 quokkas
  A ball python (D:3)
  3 giant newts
  4 goblins
  4 jackals (D:5)
  10 kobolds
  A quokka skeleton (D:4)
  8 rats
  A toadstool (D:1)
70 creatures vanquished.

Vanquished Creatures (others)
  A spectral weapon (D:5)
  3 toadstools (D:1)
4 creatures vanquished.

Grand Total: 74 creatures vanquished

Notes
Turn   | Place    | Note
--------------------------------------------------------------
     0 | D:1      | tof the High Elf Skald began the quest for the Orb.
     0 | D:1      | Reached XP level 1. HP: 14/14 MP: 4/4
   926 | D:1      | Reached skill level 4 in Charms
   926 | D:1      | Reached XP level 2. HP: 14/19 MP: 4/6
  1392 | D:1      | Reached skill level 1 in Armour
  1498 | D:2      | Reached XP level 3. HP: 17/24 MP: 7/7
  1729 | D:2      | Learned a level 3 spell: Spectral Weapon
  2669 | D:3      | Reached XP level 4. HP: 21/30 MP: 5/9
  2864 | D:3      | Found a radiant altar of Vehumet.
  3486 | D:4      | Learned a level 2 spell: Shroud of Golubria
  3570 | D:4      | Got a sapphire-studded chain mail
  3581 | D:4      | Identified the +1 chain mail of Disguise {MP+9 Str+2} (You found it on level 4 of the Dungeon)
  3593 | D:4      | Found a shimmering altar of Xom.
  3628 | D:4      | Reached skill level 1 in Short Blades
  3913 | D:4      | Found a shadowy altar of Dithmenos.
  4023 | D:4      | Reached XP level 5. HP: 33/35 MP: 4/10
  4466 | D:5      | Entered Level 5 of the Dungeon
  4534 | D:5      | Reached skill level 1 in Stealth
  4956 | D:5      | Noticed Prince Ribbit
  4984 | D:5      | Slain by Prince Ribbit

Vault maps used:
D:1:      ldierk_water_garden, st_stairs_11
D:3:      vehumet_crystals, first_bread
D:4:      overflow_temple_1_default, xom_teletrap_fun
D:5:      led_sif_pool, temple_doors_b, serial_shops, nicolae_shop_trees,
          nemelex_diamond_rough_becter, uniq_edmund, uniq_crazy_yiuf_cottage,
          uniq_prince_ribbit1

Action                   |  1- 3 |  4- 6 || total
-------------------------+-------+-------++-------
Melee: Falchion          |    24 |       ||    24
       Dagger            |    99 |    75 ||   174
 Cast: Infusion          |     8 |       ||     8
       Spectral Weapon   |    10 |    10 ||    20
       Shroud of Golubri |       |     2 ||     2
  Use: Potion            |     1 |     3 ||     4
       Scroll            |       |     5 ||     5
 Stab: Sleeping          |     1 |     2 ||     3
       Distracted        |     1 |     1 ||     2
  Eat: Chunk             |     7 |     6 ||    13
       Fruit             |       |     3 ||     3
